 Dungeon Crawl Stone Soup version 0.31-a0-675-g238779eb0a (webtiles) character file.

Game seed: 2766413878999962940

65 Revguard the Trooper (level 3, -1/29 HPs)
             Began as a Demonspawn Fighter on Sept 5, 2023.
             Slain by a gnoll
             ... wielding a +0 flail
              (5 damage)
             ... on level 2 of the Dungeon.
             The game lasted 00:05:46 (1325 turns).

Revguard the Trooper (Demonspawn Fighter)           Turns: 1325, Time: 00:05:47

Health: -1/29      AC:  6    Str: 18    XL:     3   Next: 94%
Magic:  3/3        EV: 11    Int:  9    God:
Gold:   114        SH:  4    Dex: 12    Spells: 2/2 levels left

rFire   . . .        a - +1 war axe
rCold   . . .        c - +0 buckler
rNeg    . . .        b - +0 scale mail
rPois   .            (no helmet)
rElec   .            (no cloak)
rCorr   .            (no gloves)
SInv    .            (no boots)
Will    .....        (no amulet) Stlth
                     (no ring)
HPRegen 0.24/turn    (no ring)
MPRegen 0.08/turn

%: no passive effects
@: no status effects
A: claws 1, repulsion field 1
a: no special abilities


You were on level 2 of the Dungeon.
You visited 1 branch of the dungeon, and saw 2 of its levels.

You collected 114 gold pieces.

Inventory:

Hand Weapons
 a - a +1 war axe (weapon)
Armour
 b - a +0 scale mail (worn)
 c - a +0 buckler (worn)
Scrolls
 g - a scroll of enchant weapon
 h - a scroll of noise {unknown}
 i - a scroll of poison {unknown}
 j - a scroll of brand weapon {unknown}
 k - a scroll of amnesia {unknown}
 n - 2 scrolls of identify
Potions
 d - a potion of might
 e - a potion of cancellation
 f - a potion of heal wounds
 l - a potion of lignification
 m - a potion of enlightenment {unknown}


   Skills:
 + Level 3.3 Fighting
 * Level 2.3 Axes
 + Level 2.9 Armour
 + Level 1.0 Dodging
 * Level 3.1 Shields
 + Level 1.1 Invocations
 + Level 0.9 Evocations


You had 2 spell levels left.
You didn't know any spells.
Your spell library contained the following spells:

 Spells                   Type           Power      Damage    Failure   Level
 Cigotuvi's Dreadful Rot  Necr/Pois/Air  0%         N/A       94%         2
 Lesser Beckoning         Tloc           0%         N/A       94%         2
 Gell's Gravitas          Tloc           0%         N/A       99%         3
 Teleport Other           Tloc           0%         N/A       99%         3
 Dispel Undead            Necr           0%         3d6       100%        4
 Death Channel            Necr           0%         N/A       100%        6


Dungeon Overview and Level Annotations

Branches:
Dungeon (2/15)

Altars:


Innate Abilities, Weirdness & Mutations

You have sharp fingernails.
You are surrounded by a mild repulsion field. (EV +2)


Message History

The gnoll is almost dead.
The gnoll hits you with a +2 halberd of freezing!
The gnoll freezes you.
You slash the gnoll!
You kill the gnoll!
The gnoll hits you but does no damage. x2
Your Dodging skill increases to level 1!
Your Invocations skill increases to level 1!
You block the gnoll's attack.
You see here a +2 halberd of freezing.
You closely miss the gnoll. The gnoll barely misses you.
You barely miss the gnoll. You block the gnoll's attack.
The gnoll barely misses you.
You barely miss the gnoll.
The gnoll hits you with a +0 spear of pain.
You writhe in agony.
You hit the gnoll but do no damage. The gnoll closely misses you.
You hit the gnoll.
The gnoll is heavily wounded.
The gnoll closely misses you. x2
You slash the gnoll!
You kill the gnoll!
The bat skeleton hits you.
The bat skeleton hits you but does no damage.
The bat skeleton barely misses you.
You hit the bat skeleton.
The bat skeleton is almost destroyed.
The bat skeleton hits you but does no damage.
The bat skeleton closely misses you. The bat skeleton barely misses you.
You slash the gnoll!
The gnoll is severely wounded.
The gnoll hits you with a +0 flail.
You hit the gnoll but do no damage.
The gnoll is severely wounded.
The gnoll hits you with a +0 flail.
* * * LOW HITPOINT WARNING * * *
You closely miss the gnoll.
The gnoll is severely wounded.
The gnoll hits you but does no damage. The gnoll hits you with a +0 flail.
You die...

#.# #<# #.# #####.## ###
#......# ..#
#.###.#######.##
#.#.........Zg.
####.#.#########g##.#
.......# #@##.# ####.###
#.##.# # #.# #.##.# #
#.# #.##.# # #.#
######.##.# # #.#
##...##.##.####### # #.#
#....##..........# #
#.#####.#...####.#####.#
# #................#


You could see 2 gnolls and a bat skeleton.

Vanquished Creatures
  3 gnolls
  An endoplasm (D:2)
  A giant cockroach (D:2)
  3 goblins
  4 hobgoblins
  4 jackals (D:1)
  6 kobolds (D:1)
  2 quokkas
  A ball python (D:1)
  5 bats
  A frilled lizard (D:2)
  A rat (D:1)
32 creatures vanquished.

Notes
Turn   | Place    | Note
-------+----------+-------------------------------------------
     0 | D:1      | Revguard the Demonspawn Fighter began the quest for the
                  | Orb.
     0 | D:1      | Reached XP level 1. HP: 18/18 MP: 1/1
   236 | D:1      | Gained mutation: You are surrounded by a mild repulsion
                  | field. (EV +2) [demonic ancestry]
   236 | D:1      | Reached XP level 2. HP: 13/24 MP: 2/2
   523 | D:1      | Gained mutation: You have sharp fingernails. [demonic
                  | ancestry]
   523 | D:1      | Reached XP level 3. HP: 26/29 MP: 3/3
  1315 | D:2      | Reached skill level 1 in Dodging
  1315 | D:2      | Reached skill level 1 in Invocations
  1325 | D:2      | Slain by a gnoll

Illustrated notes

Levels and vault maps discovered:
D:1:      dpeg_arrival_arbitrary_b, layout_basic, serial_co_window_serial,
          co_window_corner_a, co_window_of_opportunity_a, co_window_paths_a,
          co_window_corner_a, co_window_corner_a, co_window_of_opportunity_a,
          co_window_2corner, co_window_cross_3, co_window_corner_b, st_stairs_4,
          chequers_arboretum
D:2:      layout_loops_ring, serial_undead, serial_undead_b, serial_undead_e,
          serial_undead_a, serial_undead_f, serial_undead_d, serial_undead_b,
          basic_altar, minmay_fractal_squares_5

Skill      XL: |  1  2  3 |
---------------+----------+-----
Axes           | 2 |  2.3
Shields        | 3 |  3.1
Dodging        | 1 |  1.0
Invocations    | 1 |  1.1
Fighting       | |  3.3
Armour         | |  2.9
Evocations     | |  0.9

Action                     || total
---------------------------++-------
  Melee: War axe           ||    91
    Use: Scroll            ||     4
 Armour: Scale mail        ||    76
  Dodge: Dodged            ||    64
  Block: Buckler           ||    16

Table legend: (Time is in decaauts)
 A = Elapsed time spent in this place.
 B = Non-inter-level travel time spent in this place.
 C = Inter-level travel time spent in this place.
 D = Time resting spent in this place.
 E = Time spent auto-exploring this place.
 F = Levels seen in this place.
 G = Mean time per level.
                   A        B        C        D        E       F      G
               +--------+--------+--------+--------+--------+-----+--------+
         Total |   1364 |   1351 |     13 |      0 |   1083 |   2 |  682.0 |
       Dungeon |   1364 |   1351 |     13 |      0 |   1083 |   2 |  682.0 |
               +--------+--------+--------+--------+--------+-----+--------+

Top non-repeatable levels by time:
     D:1: 1143 daAuts
     D:2: 220 daAuts
